AoeStats
← EMPEROR98265292

Arena

510260949Analyzed
1v1 RM · 2d ago on Sep 30, 2026· 46m 38s· 2 players
Game mode
Random Map
Map size
Tiny (2 player)
Population
200
Speed
Normal
Resources
Standard
Victory
Conquest
Starting age
Dark Age
Ending age
Imperial Age
RankedLock teamsTeams togetherTeam positionsShared explorationLock speedFull tech treeHidden civsTurbo modeCheats
Victory
Defeat
🇮🇳 Wu · India
1453
+15
🇻🇳 Bengalis · Vietnam
1427
-15
Learn2Play
10:15 Feudal Age
13:48 Castle Age
12:10 Double-Bit Axe
12:48 Gold Mining
12:53 Loom
18:37 Sanctity
19:09 Town Watch
20:12 Fervor
21:37 Redemption
29:39 Forging
34:18 Imperial Age
32:12 Pikeman
33:31 Scale Mail Armor
34:12 Iron Casting
35:37 Block Printing
35:27 Fletching
36:35 Scale Mail Armor
36:42 Bodkin Arrow
38:52 Conscription
39:47 Squires
40:26 Horse Collar
40:12 Halberdier
44:30 Wheelbarrow
46:40 Bracer
46:55 Padded Archer Armor
EMPEROR98265292
11:42 Feudal Age
12:27 Double-Bit Axe
15:46 Castle Age
16:19 Forging
18:25 Devotion
19:08 Loom
19:43 Bloodlines
22:31 Light Cavalry
24:50 Husbandry
28:47 Scale Barding Armor
33:57 Gold Mining
33:57 Stone Mining
35:57 Iron Casting
37:21 Chain Barding Armor
43:14 Imperial Age
41:20 Wheelbarrow
42:57 Fletching
43:36 Bodkin Arrow
45:45 Plate Barding Armor
46:11 Blast Furnace
46:57 Padded Archer Armor
47:03 Bracer
47:34 Ballistics
Connection lost

Rejoining the realm…

Still unreachable

The connection could not be restored.

Session expired

The server has moved on; the page needs a fresh start.